 Dungeon Crawl Stone Soup version 0.27-a0-1312-g5cdb2b3542 (webtiles) character file.

Game seed: 9681063468423364783

9388 BlueGoblin the Carver (level 11, -2/87 HPs)
             Began as a Formicid Fighter on June 20, 2021.
             Was a High Priest of Okawaru.
             Killed by the air
             ... invoked by a wind drake
             ... summoned by a worldbinder
              (7 damage)
             ... on level 1 of the Abyss.
             The game lasted 00:34:37 (11486 turns).

BlueGoblin the Carver (Formicid Fighter)           Turns: 11486, Time: 00:34:38

Health: -2/87      AC: 12    Str: 31    XL:     11   Next: 73%
Magic:  12/12      EV: 10    Int:  3    God:    Okawaru [*****.]
Gold:   490        SH: 12    Dex: 10    Spells: 10/10 levels left

rFire    . . .     SeeInvis +   a - +9 sword of Zonguldrok {reap}
rCold    + . .     Faith    +   c - +0 kite shield
rNeg     . . .     Spirit   .   f - +1 chain mail
rPois    .         Reflect  .   (helmet unavailable)
rElec    +         Harm     .   d - +0 cloak
rCorr    +         Rampage  .   t - +0 pair of gloves {Str+3}
Will     ++...                  E - +0 pair of boots
Stlth    ..........             o - amulet of faith
HPRegen  0.24/turn              w - ring of Mistrust {rElec Will+ Str+3}
MPRegen  0.13/turn              D - ring of resist corrosion

@: unable to read
A: permanent stasis, dig shafts and tunnels, antennae 3, four strong arms, cold
resistance 1, [deformed body], [dopey 2], [screaming 2], [inability to read
while threatened]
a: Dig, Shaft Self, Renounce Religion, Heroism, Finesse


You were on level 1 of the Abyss.
You worshipped Okawaru.
Okawaru was extremely pleased with you.
You visited 2 branches of the dungeon, and saw 11 of its levels.
You visited the Abyss 1 time.

You collected 1465 gold pieces.
You spent 975 gold pieces at shops.

Inventory:

Hand Weapons
 a - the +9 sword of Zonguldrok (weapon) {reap}
   (You took it off a gnoll on level 4 of the Dungeon)

   If a monster killed with it leaves a corpse in good enough shape, the corpse
   is reanimated as a zombie friendly to the killer.
 b - a +1 war axe
 h - a +0 hunting sling
 B - the +8 whip "Plog" {vorpal, Fragile rC++ rCorr Dex+2}
   (You found it on level 9 of the Dungeon)

   It inflicts extra damage upon your enemies.
   It affects your dexterity (+2).
   It greatly protects you from cold.
   It protects you from acid and corrosion.
   It will be destroyed if unequipped.
 I - a +0 battleaxe
Missiles
 g - 73 poisoned darts
 i - 186 stones
 l - 2 throwing nets
 p - 3 curare-tipped darts
 y - 2 boomerangs (quivered)
 J - 2 atropa-tipped darts
Armour
 c - a +0 kite shield (worn)
 d - a +0 cloak (worn)
 f - a +1 chain mail (worn)
 n - a +0 scale mail
 t - a +0 pair of gloves of strength (worn)
 E - a +0 pair of boots (worn)
Jewellery
 o - an amulet of faith (around neck)
 w - the ring of Mistrust (left hand) {rElec Will+ Str+3}
   (You bought it in a shop on level 8 of the Dungeon)

   [ring of willpower]

   It affects your strength (+3).
   It insulates you from electricity.
   It increases your willpower.
 x - a +4 ring of evasion
 D - a ring of resist corrosion (right hand)
 F - a ring of wizardry
Wands
 k - a wand of acid (1)
 u - a wand of iceblast (8)
 v - a wand of mindburst (11)
 z - a wand of paralysis (10)
Scrolls
 e - 2 scrolls of fear
 m - 3 scrolls of enchant armour
 q - 3 scrolls of identify
 H - a scroll of amnesia
Potions
 j - a potion of degeneration
 r - a potion of haste {unknown}
 s - a potion of heal wounds {unknown}
 A - a potion of mutation
 C - 6 potions of ambrosia


   Skills:
 * Level 8.6 Fighting
 + Level 9.0 Long Blades
 + Level 5.2 Axes
 + Level 1.4 Throwing
 * Level 9.0 Armour
 * Level 6.2 Dodging
 + Level 1.9 Stealth
 + Level 8.1 Shields
 + Level 2.6 Invocations
 + Level 0.4 Evocations


You had 10 spell levels left.
You didn't know any spells.
Your spell library contained the following spells:

 Spells                   Type           Power      Damage    Failure   Level
 Animate Skeleton         Necr           0%         N/A       96%         1
 Apportation              Tloc           0%         N/A       96%         1
 Corona                   Hex            0%         N/A       96%         1
 Magic Dart               Conj           0%         1d3       96%         1
 Shock                    Conj/Air       0%         1d3       96%         1
 Summon Small Mammal      Summ           0%         N/A       96%         1
 Call Imp                 Summ           0%         N/A       99%         2
 Slow                     Hex            0%         N/A       99%         2
 Static Discharge         Conj/Air       0%         N/A       99%         2
 Confusing Touch          Hex            0%         N/A       100%        3
 Conjure Flame            Conj/Fire      0%         6-21      100%        3
 Gell's Gravitas          Tloc           0%         N/A       100%        3
 Mephitic Cloud           Conj/Pois/Air  0%         N/A       100%        3
 Airstrike                Air            0%         N/A       100%        4
 Petrify                  Tmut/Erth      0%         N/A       100%        4
 Bolt of Magma            Conj/Fire/Erth 0%         4d4       100%        5
 Iskenderun's Battlesphe  Conj           0%         2d6       100%        5
 Lightning Bolt           Conj/Air       0%         1d11      100%        5
 Metabolic Englaciation   Hex/Ice        0%         N/A       100%        5
 Yara's Violent Unravell  Hex/Tmut       0%         3d3       100%        5
 Iron Shot                Conj/Erth      0%         9d1       100%        6
 Orb of Destruction       Conj           0%         N/A       100%        7
 Spellforged Servitor     Conj/Summ      0%         N/A       100%        7
 Blink                    Tloc           Unusable   N/A       N/A         2
 Swiftness                Air            Unusable   N/A       N/A         3

Dungeon Overview and Level Annotations

Branches:
Dungeon (10/15)            Temple (1/1) D:5            Lair (0/6) D:9
    Orc (0/2) D:10

Altars:
Ashenzari
Cheibriados
Dithmenos
Elyvilon
Fedhas
Gozag
Hepliaklqana
Kikubaaqudgha
Makhleb
Nemelex Xobeh
Okawaru
Qazlal
Ru
Sif Muna
Trog
Uskayaw
Vehumet
Wu Jian
Xom
Yredelemnul
Zin
The Shining One
Jiyva

Shops:
D:8 :=

Annotations:
D:8 3 runed translucent doors, CInkIbrahim's ghost, novice OpGl
D:10 Sonja


Innate Abilities, Weirdness & Mutations

You cannot be hasted, slowed, berserked, paralysed or teleported.
You can dig through walls and to a lower floor.
You have a pair of large antennae on your head. (SInv)
Your four strong arms can wield two-handed weapons with a shield.
Your flesh is cold resistant. (rC+)
[Armour fits poorly on your strangely shaped body.]
[You are very dopey. (Int -4)]
[You frequently scream uncontrollably at your foes.]
[You sometimes lose the ability to read scrolls when taking damage.]


Message History

You lose the ability to read scrolls when threatened.
A worldbinder comes into view.
The wretched star pulses with an eldritch light!
Your body twists and deforms.
The worldbinder calls forth creatures from the Shoals!
The necromancer gestures at you while chanting.
The bolt of negative energy misses you.
The necromancer disappears in a puff of smoke!
The wretched star glows turbulently.
The lance of force misses you.
The wraith disappears in a puff of smoke!
The wretched star glows turbulently.
The lance of force hits you!
You feel threatened and lose the ability to read scrolls!
* * * LOW HITPOINT WARNING * * *
You are knocked back by the lance of force.
You slam into the stone wall!
* * * LOW HITPOINT WARNING * * *
You block the worldbinder's attack.
The worldbinder hits you but does no damage.
You hit the worldbinder but do no damage.
The worldbinder hits you but does no damage.
You block the worldbinder's attack. The worldbinder misses you.
You block the worldbinder's attack.
You feel like a meek peon again.
The manticore disappears in a puff of smoke! x2
The worldbinder hits you but does no damage.
The worldbinder hits you.
* * * LOW HITPOINT WARNING * * *
The worldbinder hits you but does no damage.
The worldbinder hits you.
* * * LOW HITPOINT WARNING * * *
The worldbinder calls forth creatures from the Crypt!
The worldbinder hits you.
* * * LOW HITPOINT WARNING * * *
The worldbinder hits you.
* * * LOW HITPOINT WARNING * * *
The wind drake flaps its wings at you. The air twists around and strikes you!
You die...

##. .# #.....
#. ...#.# ...
##.... #.# ##
#...###..# .# #
###..#ยง#.#. .
#.
##.#k#........#
#..#.W*#.....#
#.@xx.#.#.#.#
#.##...##.
#...#W##.####
#..{....#{{{##
#########.##.#
...... {####
... ...W.{W#
#.###.## #.##
#. #..... ...


You could see a wretched star, a wind drake (summoned, repels missiles), 2
worldbinders, a wraith (summoned) and a shadow (summoned).

Vanquished Creatures
  Joseph (D:7)
  4 kobold demonologists
  An emperor scorpion zombie (Abyss:1)
  2 trolls
  A queen bee (D:9)
  Prince Ribbit (D:7)
  3 shadows (D:10)
  4 wyverns
  4 yaks (D:9)
  A basilisk (D:9)
  A human (D:5)
  An acid dragon (D:8)
  3 water moccasins (D:9)
  An ice beast (D:6)
  2 sky beasts
  2 black bears
  2 necrophages
  An ogre (D:4)
  5 kobold brigands (D:10)
  2 water moccasin zombies (D:5)
  2 scorpions (D:6)
  27 killer bees
  15 wights
  3 howler monkeys
  2 centaur zombies
  Crazy Yiuf (D:3)
  3 centaur skeletons
  A jelly (D:6)
  4 orc priests
  4 hounds
  A gnoll shaman (D:9)
  A human skeleton (D:5)
  2 iguanas
  2 orc wizards (D:8)
  A killer bee zombie (D:6)
  4 ogre zombies (D:10)
  A hound skeleton (D:4)
  11 gnolls
  7 adders
  A white imp (D:7)
  An ufetubus (D:7)
  2 worms (D:2)
  16 orcs
  5 bats
  6 endoplasms
  4 giant cockroaches
  5 goblins
  7 hobgoblins
  7 jackals
  11 kobolds
  2 quokkas (D:1)
  5 ball pythons
  3 frilled lizards
  3 hobgoblin skeletons (D:10)
  2 hobgoblin zombies (D:10)
  2 orc skeletons (D:10)
  12 orc zombies (D:10)
  7 rats
235 creatures vanquished.

Vanquished Creatures (collateral kills)
  A yak (D:9)
  An orc wizard (D:5)
  A gnoll (D:7)
  A kobold (D:10)
4 creatures vanquished.

Vanquished Creatures (others)
  4 fungi (D:9)
  9 plants
13 creatures vanquished.

Grand Total: 252 creatures vanquished

Notes
Turn   | Place    | Note
-------+----------+-------------------------------------------
     0 | D:1      | BlueGoblin the Formicid Fighter began the quest for the
                  | Orb.
     0 | D:1      | Reached XP level 1. HP: 18/18 MP: 1/1
    82 | D:1      | Reached XP level 2. HP: 7/24 MP: 2/2
   779 | D:1      | Reached XP level 3. HP: 29/29 MP: 3/3
   800 | D:1      | n
  2005 | D:2      | Found a white marble altar of Elyvilon.
  2118 | D:2      | Reached XP level 4. HP: 33/37 MP: 4/4
  3117 | D:3      | Reached XP level 5. HP: 26/42 MP: 5/5
  3596 | D:3      | Found a faded altar of an unknown god.
  3705 | D:3      | Found a runed translucent door.
  3706 | D:3      | Noticed Crazy Yiuf
  3755 | D:3      | Killed Crazy Yiuf
  3943 | D:4      | Reached XP level 6. HP: 47/48 MP: 6/6
  4337 | D:4      | Found a shimmering altar of Xom.
  4339 | D:4      | Found a stormy altar of Qazlal.
  4341 | D:4      | Found a blossoming altar of Fedhas.
  4353 | D:4      | Reached skill level 1 in Dodging
  4353 | D:4      | Reached skill level 1 in Stealth
  4615 | D:4      | Found a bloodstained altar of Trog.
  4615 | D:4      | Found a broken altar of Ashenzari.
  4632 | D:4      | Identified a scroll of acquirement
  4632 | D:4      | Acquired 937 gold pieces
  4739 | D:4      | Noticed an ogre
  4745 | D:4      | Killed an ogre
  4746 | D:4      | Reached XP level 7. HP: 8/55 MP: 7/7
  5055 | D:4      | Found a hide-covered altar of Uskayaw.
  5386 | D:5      | Entered Level 5 of the Dungeon
  5393 | D:5      | Found a runed translucent door.
  5393 | D:5      | Noticed a human
  5411 | D:5      | Found a staircase to the Ecumenical Temple.
  5430 | D:5      | Found an ancient bone altar of Kikubaaqudgha.
  5441 | Temple   | Entered the Ecumenical Temple
  5522 | Temple   | Became a worshipper of Warmaster Okawaru
  5550 | D:5      | Reached skill level 1 in Long Blades
  5550 | D:5      | Reached skill level 5 in Axes
  5550 | D:5      | Reached skill level 5 in Armour
  5550 | D:5      | Reached skill level 5 in Shields
  5692 | D:5      | Reached XP level 8. HP: 61/61 MP: 8/8
  5754 | D:5      | Reached * piety under Okawaru
  5792 | D:5      | Reached skill level 5 in Fighting
  5947 | D:5      | Found a snail-covered altar of Cheibriados.
  5966 | D:5      | Found an ornate altar of the Wu Jian Council.
  6007 | D:5      | Found a radiant altar of Vehumet.
  6008 | D:5      | Found a shimmering blue altar of Sif Muna.
  6013 | D:5      | Identified Sif Muna's Incunabulum of Companions
  6070 | D:5      | Found a basalt altar of Yredelemnul.
  6087 | D:5      | Killed a human
  6445 | D:5      | Gained mutation: Your flesh is cold resistant. (rC+)
                  | [potion of mutation]
  6697 | D:6      | Reached XP level 9. HP: 67/69 MP: 6/9
  7224 | D:7      | Reached ** piety under Okawaru
  7265 | D:7      | Noticed Prince Ribbit
  7284 | D:7      | Killed Prince Ribbit
  7285 | D:7      | Reached skill level 5 in Long Blades
  7285 | D:7      | Reached skill level 1 in Throwing
  7424 | D:7      | Noticed Joseph
  7435 | D:7      | Killed Joseph
  7705 | D:7      | Found a sparkling altar of Nemelex Xobeh.
  8028 | D:8      | Found Wirr's Jewellery Shop.
  8045 | D:8      | Reached skill level 1 in Invocations
  8046 | D:8      | Reached *** piety under Okawaru
  8050 | D:8      | Reached XP level 10. HP: 62/77 MP: 10/10
  8206 | D:8      | Bought the ring of Mistrust {rElec Will+ Str+3} for 543
                  | gold pieces
  8207 | D:8      | Bought a +4 ring of evasion for 432 gold pieces
  8217 | D:8      | Found Taiqui Sizi's Book Shoppe.
  8458 | D:8      | Found a runed translucent gate.
  8458 | D:8      | Found a runed translucent gate.
  8458 | D:8      | Found a runed translucent gate.
  8460 | D:8      | Found a viscous altar of Jiyva.
  8460 | D:8      | Noticed CInkIbrahim's ghost (novice OpGl)
  8699 | D:9      | Reached **** piety under Okawaru
  8749 | D:9      | Found a staircase to the Lair.
  8814 | D:9      | Reached skill level 5 in Dodging
  8960 | D:9      | Identified the +8 whip "Plog" {vorpal, Fragile rC++ rCorr
                  | Dex+2}
  9013 | D:9      | Reached ***** piety under Okawaru
  9038 | D:9      | Reached XP level 11. HP: 36/85 MP: 12/12
  9994 | D:10     | Entered Level 10 of the Dungeon
 10686 | D:10     | Received a gift from Okawaru
 10722 | D:10     | Found a staircase to the Orcish Mines.
 11380 | D:10     | Noticed Sonja
 11390 | D:10     | Cast into level 1 of the Abyss (Sonja)
 11463 | Abyss:1  | Noticed a worldbinder
 11473 | Abyss:1  | Noticed a necromancer
 11475 | Abyss:1  | Noticed a wretched star
 11477 | Abyss:1  | Noticed a worldbinder
 11479 | Abyss:1  | Noticed a manticore
 11479 | Abyss:1  | Noticed a manticore
 11486 | Abyss:1  | Killed from afar by a wind drake

Illustrated notes

...######.####.###
### ##.#
#........# #.#
######.#.# ##.#
#.#.# ...# #.#.# {
...# #.#.# ...#
#.#.# ...### #.#.#
.....# #.#@#
.....# #.#)#
##...# #.# #.###
#.# #)# #..
#.####### #..
#........ #..
#.#.##### ###...
#.#.# #..


Turn 800 on D:1: n

Levels and vault maps discovered:
D:1:      nicolae_arrival_memento_mori, layout_basic
D:2:      layout_basic, basic_altar, grunt_decor_resistance
D:3:      minmay_spotlight, layout_rooms, ebering_ecumenical_altar_abandoned,
          grunt_ministairs_15, st_stairs_3, uniq_crazy_yiuf_cottage
D:4:      layout_loops_ring, nicolae_overflow_crystal_walls,
          grunt_temple_overflow_open, hangedman_decor_opposing
D:5:      layout_gridville, grunt_temple_overflow_magic_moments,
          kennysheep_mini, dk_yredelemnul_ordeal, nicolae_wu_jian_glorious_leap,
          minmay_temple_entry_statues_fountains, enter_ossuary_5,
          serial_bayou_crossing
D:6:      layout_rooms
D:7:      layout_gridville, nemelex_spade_bored_becter,
          chequers_serial_rivers_marsh, grunt_decor_junction, uniq_joseph,
          uniq_prince_ribbit1
D:8:      layout_rooms, gammafunk_ghost_ooze, serial_shops, shop, shop
D:9:      layout_gridville, minmay_lair_entry_grove, special_room
          [special_room_bee]
D:10:     layout_loops_corners, zombieorc1_lemuel, evilmike_minifort, uniq_sonja
Temple:   jpeg_temple_island
Abyss:1:  base:
D:4

Skill      XL: |  1  2  3  4  5  6  7  8  9 10 11 |
---------------+----------------------------------+-----
Shields        | 4 5 6 7 8 |  8.1
Armour         | 4 5 6 8 9 |  9.0
Axes           | 3 4 5 |  5.2
Fighting       | 4 5 6 7 8 |  8.6
Dodging        | 1 2 3 5 6 |  6.2
Stealth        | 1 |  1.9
Long Blades    | 1 3 6 8 9 |  9.0
Throwing       | 1 |  1.4
Invocations    | 1 2 |  2.6
Evocations     | |  0.4

Action                   |  1- 3 |  4- 6 |  7- 9 | 10-12 || total
-------------------------+-------+-------+-------+-------++-------
Melee: War axe           |   105 |   133 |    21 |       ||   259
       Double sword      |       |       |   121 |   267 ||   388
Throw: Dart              |    29 |     3 |    13 |       ||    45
Invok: Heroism           |       |       |     9 |    22 ||    31
       Finesse           |       |       |       |     2 ||     2
 Abil: Dig               |     2 |       |     9 |     4 ||    15
Evoke: Wand              |       |     7 |     1 |       ||     8
  Use: Scroll            |     3 |     5 |     2 |     1 ||    11
       Potion            |       |     1 |     3 |     2 ||     6
Armor: Scale mail        |    37 |       |       |       ||    37
       Chain mail        |     6 |    58 |    61 |    89 ||   214
Dodge: Dodged            |    49 |    41 |    54 |   130 ||   274
Block: Kite shield       |    71 |    79 |    93 |   183 ||   426
       Rpst.: Double sword |       |       |    13 |    37 ||    50

Table legend: (Time is in decaauts)
 A = Elapsed time spent in this place.
 B = Non-inter-level travel time spent in this place.
 C = Inter-level travel time spent in this place.
 D = Time resting spent in this place.
 E = Time spent auto-exploring this place.
 F = Levels seen in this place.
 G = Mean time per level.
                   A        B        C        D        E       F      G
               +--------+--------+--------+--------+--------+-----+--------+
         Total |  11657 |  11237 |    420 |   2826 |   5587 |  12 |  971.4 |
       Dungeon |  11469 |  11049 |    420 |   2779 |   5533 |  10 | 1146.9 |
        Temple |     93 |     93 |      0 |      0 |     54 |   1 |   93.0 |
         Abyss |     94 |     94 |      0 |     47 |      0 |   1 |   94.0 |
               +--------+--------+--------+--------+--------+-----+--------+

Top non-repeatable levels by time:
     D:9: 1530 daAuts
     D:1: 1501 daAuts
     D:4: 1470 daAuts
     D:2: 1384 daAuts
    D:10: 1231 daAuts
     D:3: 1168 daAuts
     D:7: 1117 daAuts
     D:5: 1057 daAuts
     D:8: 581 daAuts
     D:6: 427 daAuts
 Abyss:1: 94 daAuts
  Temple: 93 daAuts
